 Dungeon Sprint DCSS version 0.31-a0-460-g9e667d4245 (webtiles) character file.

Game seed: 4560230025139091413

35 rocky1 the Changeling (level 3, -1/25 HPs)
             Began as an Octopode Shapeshifter on Aug 5, 2023.
             Slain by a phantom (3 damage)
             ... in the Dungeon (Sprint IX: "|||||||||||||||||||||||||||||").
             The game lasted 00:00:15 (33 turns).

rocky1 the Changeling (Octopode Shapeshifter)         Turns: 33, Time: 00:00:16

Health: -1/25      AC:  1    Str: 14    XL:     3   Next: 35%
Magic:  3/3        EV: 13    Int: 10    God:
Gold:   0          SH:  0    Dex: 14    Spells: 2/2 levels left

rFire   . .          .
                       - Unarmed
rCold   . . .        (no shield)
rNeg    . . .        (helmet currently unavailable)
rPois   .            (no amulet)
rElec   .            (no ring)
rCorr   .            (no ring)
SInv    .            (no ring)
Will    .....        (no ring)
Stlth   ++           (no ring)
HPRegen 0.24/turn    (no ring)
MPRegen 0.08/turn    (no ring)
                     (no ring)

%: no teleportation
@: beast-form
A: beast (slay +3), almost no armour, amphibious, 8 rings, camouflage 1,
gelatinous body 1, (nimble swimmer 1), tentacles
a: Begin Untransformation


You were in the Dungeon.
You were a hulking beast.
You visited 1 branch

Inventory:

Talismans
 b - a beast talisman (active)
Scrolls
 h - a scroll of blinking
Potions
 a - a potion of lignification
 c - a potion of curing
 d - a potion of heal wounds
 e - a potion of haste
 f - 2 potions of magic
 g - a potion of berserk rage


   Skills:
 * Level 2.8 Fighting
 + Level 2.4 Dodging
 + Level 0.3 Stealth
 + Level 4.4 Unarmed Combat
 + Level 4.7 Shapeshifting


You had 2 spell levels left.
You didn't know any spells.
Your spell library was empty.

Dungeon Overview and Level Annotations

Branches:
Dungeon (1/1)

Altars:


Innate Abilities, Weirdness & Mutations

You are a hulking beast.
Your limbs bulge with bestial killing power. (Slay +3)
You cannot wear most types of armour.
You are amphibious.
You can wear up to eight rings at the same time.
Your skin changes colour to match your surroundings (Stealth+).
Your rubbery body absorbs attacks. (AC +1, EV +1)
((You are camouflaged when in or above water. (Stealth+)))
You have tentacles for arms and can constrict up to eight enemies at once.


Message History

The jelly quivers.
The orc shouts! x2
You tentacle-slap the jelly.
Your tentacles burn!
You squeeze the jelly!
The jelly is severely wounded.
The jelly closely misses you.
You tentacle-slap the jelly.
Your tentacles burn!
The jelly is almost dead.
The jelly misses you.
You tentacle-slap the jelly.
You kill the jelly!
Your Fighting skill increases to level 2!
Your Unarmed Combat skill increases to level 4!
Your Shapeshifting skill increases to level 4!
You have reached level 2!
You have reached level 3!
Your experience leads to an increase in your attributes!
Increase (S)trength, (I)ntelligence, or (D)exterity?
You feel agile. x2
Unknown command.
You completely miss the phantom.
Your tentacle-slap misses the phantom.
The phantom hits you.
You closely miss the phantom. The phantom hits you.
You barely miss the phantom. The phantom hits you.
You barely miss the phantom. You tentacle-slap the phantom!
The phantom is moderately damaged.
You tentacle-slap the phantom.
You tentacle-slap the phantom, but do no damage.
You squeeze the phantom.
The phantom is heavily damaged.
The phantom hits you.
* * * LOW HITPOINT WARNING * * *
Unknown command.
You bludgeon the phantom! You tentacle-slap the phantom.
The phantom is almost destroyed.
The phantom hits you.
* * * LOW HITPOINT WARNING * * *
You miss the phantom.
The phantom is almost destroyed.
The phantom hits you.
You die...

▓.▓
▓.▓
▓.▓
▓†▓
▓.▓
▓)▓
▓.▓
▓.▓
▓h▓
▓W▓
▓s▓
▓o▓
▓o▓
▓.▓
▓.▓
▓+▓


You could see a phantom, a scorpion and 2 orcs.

Vanquished Creatures
  A jelly (D)
  An endoplasm (D)
  A hobgoblin (D)
  A kobold (D)
  A quokka (D)
  A rat (D)
6 creatures vanquished.

Notes
Turn   | Place    | Note
-------+----------+-------------------------------------------
     0 | D        | rocky1 the Octopode Shapeshifter began the quest for the
                  | Orb.
     0 | D        | Reached XP level 1. HP: 13/13 MP: 1/1
    23 | D        | Noticed a jelly
    23 | D        | Noticed a phantom
    23 | D        | Noticed a scorpion
    26 | D        | Killed a jelly
    27 | D        | Reached XP level 2. HP: 16/20 MP: 2/2
    27 | D        | Reached XP level 3. HP: 20/25 MP: 3/3
    33 | D        | Slain by a phantom

Illustrated notes

Levels and vault maps discovered:
D:        linesprint [early_d, line_temple, items_1, d_10, items_2, lair_1,
          lair_end, items_3, orc_1, orc_end, items_4, d_15, swamp_1, shoals_1,
          snake_1, spider_1, d_20, vaults_1, items_5, swamp_end, shoals_end,
          snake_end, spider_end, vaults_end, d_27, items_6, zot_1, zot_end,
          crypt_end, forest_end, elf_end, slime_end, tomb_end, abyss_end,
          pan_hell_end]

Skill      XL: |  1 |
---------------+----+-----
Fighting       | 2 |  2.8
Unarmed Combat | 4 |  4.4
Shapeshifting  | 4 |  4.7
Dodging        | |  2.4
Stealth        | |  0.3

Action                     || total
---------------------------++-------
  Melee: Unarmed           ||    18
         Tentacles         ||     2
         Constrict         ||     1
         Punch             ||     3
  Dodge: Dodged            ||     4

Table legend: (Time is in decaauts)
 A = Elapsed time spent in this place.
 B = Non-inter-level travel time spent in this place.
 C = Inter-level travel time spent in this place.
 D = Time resting spent in this place.
 E = Time spent auto-exploring this place.
 F = Levels seen in this place.
 G = Mean time per level.
                   A        B        C        D        E       F      G
               +--------+--------+--------+--------+--------+-----+--------+
         Total |     31 |     31 |      0 |      5 |      0 |   1 |   31.0 |
       Dungeon |     31 |     31 |      0 |      5 |      0 |   1 |   31.0 |
               +--------+--------+--------+--------+--------+-----+--------+

Top non-repeatable levels by time:
       D: 31 daAuts
